 Dungeon Crawl Stone Soup version 0.27-a0-54-g64bdb92e38 (webtiles) character file.

Game seed: 6468910367162645352

39 runemasterragnar the Skirmisher (level 3, -1/40 HPs)
             Began as an Ogre Monk on Jan 7, 2021.
             Slain by Terence
             ... wielding a +0 falchion of venom
              (2 damage)
             ... on level 3 of the Dungeon.
             The game lasted 00:02:07 (1394 turns).

runemasterragnar the Skirmisher (Ogre Monk)         Turns: 1394, Time: 00:02:08

Health: -1/40      AC:  5    Str: 12 (15) XL:     3   Next: 45%
Magic:  3/3        EV: 10    Int:  9 (12) God:
Gold:   112        SH:  0    Dex: 10 (11) Spells: 2/2 levels left

rFire    . . .     SeeInvis .   a - +0 mace
rCold    . . .     Faith    .   (no shield)
rNeg     . . .     Spirit   .   b - +0 robe
rPois    .         Reflect  .   c - +2 hat
rElec    .         Harm     .   (no cloak)
rCorr    .         Rampage  .   (gloves unavailable)
Will     .....                  (boots unavailable)
Stlth    ++........             (no amulet)
HPRegen  0.13/turn              (no ring)
MPRegen  0.08/turn              (no ring)

@: lethally poisoned (-1 -> -21), flying
A: large, unfitting armour, tough skin 1
a: no special abilities


You were on level 3 of the Dungeon.
You visited 1 branch of the dungeon, and saw 3 of its levels.

You collected 112 gold pieces.

Inventory:

Hand Weapons
 a - a +0 mace (weapon)
Missiles
 f - 7 boomerangs (quivered)
 k - 20 poisoned darts
Armour
 b - a +0 robe (worn)
 c - a +2 hat (worn)
Jewellery
 e - a cursed -4 ring of intelligence


   Skills:
 * Level 4.7 Fighting
 * Level 3.2 Maces & Flails
 + Level 0.6 Throwing
 + Level 3.0 Dodging
 - Level 1.4 Stealth


You had 2 spell levels left.
You didn't know any spells.
Your spell library was empty.

Dungeon Overview and Level Annotations

Branches:
Dungeon (3/15)

Altars:
Wu Jian

Annotations:
D:2 Natasha
D:3 Terence


Innate Abilities, Weirdness & Mutations

You are too large for most types of armour.
You have tough skin. (AC +1)


Message History

You completely miss Terence.
Terence is lightly wounded.
* * * LOW HITPOINT WARNING * * *
You feel sick. Terence closely misses you.
You barely miss Terence.
Terence is lightly wounded.
* * * LOW HITPOINT WARNING * * *
You feel sick. Terence hits you but does no damage.
You are more poisoned.
You barely miss Terence.
Terence is lightly wounded.
* * * LOW HITPOINT WARNING * * *
You feel very sick. Terence closely misses you.
You hit Terence but do no damage.
Terence is lightly wounded.
* * * LOW HITPOINT WARNING * * *
You feel sick.
Terence hits you with a +0 falchion of venom.
You die...

#####+###
#####.......#
...#l†.....#
#.#@g.....#
#.@####'###
### ##.####.##
...
........g###.#
##.###.#[.#.#
... #.#.#.#
#.# ###..#.#
..........#.#
#.#.###..#.#.#
#...#.##


You could see Terence, a hobgoblin and a frilled lizard.

Vanquished Creatures
  A worm (D:2)
  2 dart slugs (D:1)
  3 giant cockroaches (D:2)
  3 goblins
  5 hobgoblins
  2 kobolds (D:2)
  A quokka (D:2)
  A ball python (D:2)
  7 bats
  3 frilled lizards (D:1)
  3 rats
31 creatures vanquished.

Notes
Turn   | Place    | Note
-------+----------+-------------------------------------------
     0 | D:1      | runemasterragnar the Ogre Monk began the quest for the Orb.
     0 | D:1      | Reached XP level 1. HP: 24/24 MP: 1/1
   287 | D:1      | Reached XP level 2. HP: 33/33 MP: 2/2
   778 | D:2      | Found an ornate altar of the Wu Jian Council.
   802 | D:2      | Reached XP level 3. HP: 38/40 MP: 3/3
  1167 | D:2      | Noticed Natasha
  1368 | D:3      | Noticed Terence
  1394 | D:3      | HP: 1/40 [poisoned by Terence]
  1394 | D:3      | Slain by Terence

Illustrated notes

Levels and vault maps discovered:
D:1:      tarquinn_simple_flora_water_f, layout_loops_ring, grunt_decor_clamped
D:2:      layout_rooms, amethyst_overflow_temple_binary, old_standard_altar,
          chequers_ecumenical_altar_simple_redux, uniq_natasha
D:3:      layout_basic, minmay_misc_feat_roman, uniq_terence

Skill      XL: |  1  2  3 |
---------------+----------+-----
Maces & Flails | 3 |  3.2
Dodging        | 3 |  3.0
Fighting       | |  4.7
Throwing       | |  0.6
Stealth        | |  1.4

Action                   || total
-------------------------++-------
Melee: Mace              ||    96
Throw: Boomerang         ||    15
  Use: Scroll            ||     3
       Potion            ||     3
 Stab: Sleeping          ||     7
       Distracted        ||     1
Armor: Robe              ||    39
Dodge: Dodged            ||    44

Table legend: (Time is in decaauts)
 A = Elapsed time spent in this place.
 B = Non-inter-level travel time spent in this place.
 C = Inter-level travel time spent in this place.
 D = Time resting spent in this place.
 E = Time spent auto-exploring this place.
 F = Levels seen in this place.
 G = Mean time per level.
                   A        B        C        D        E       F      G
               +--------+--------+--------+--------+--------+-----+--------+
         Total |   1422 |   1381 |     41 |    117 |    945 |   3 |  474.0 |
       Dungeon |   1422 |   1381 |     41 |    117 |    945 |   3 |  474.0 |
               +--------+--------+--------+--------+--------+-----+--------+

Top non-repeatable levels by time:
     D:1: 781 daAuts
     D:2: 474 daAuts
     D:3: 166 daAuts
